AoeStats
← Luffy (デイビッド)

Black Forest

507932591Analyzed
4v4 RM · 12d ago on Sep 20, 2026· 61m 35s· 8 players
Game mode
Random Map
Map size
Large (8 player)
Population
200
Speed
Normal
Resources
Standard
Victory
Conquest
Starting age
Dark Age
Ending age
Imperial Age
RankedLock teamsTeams togetherTeam positionsShared explorationLock speedFull tech treeHidden civsTurbo modeCheats
Victory
Defeat
🇨🇳 Cumans · China
782
+18
🇩🇪 Britons · Germany
758
+19
🇲🇽 Jurchens · Mexico
756
+19
🇨🇳 Tatars · China
741
+20
🇸🇪 Goths · Sweden
848
-20
🇹🇷 Mongols · Türkiye
820
-19
🇸🇪 Franks · Sweden
817
-19
🇸🇪 Britons · Sweden
810
-18
ostiinn
0:33 Loom
14:22 Feudal Age
18:31 Castle Age
16:37 Double-Bit Axe
17:46 Horse Collar
20:09 Wheelbarrow
19:52 Bow Saw
20:29 Stone Mining
20:32 Gold Mining
20:39 Stone Mining
21:55 Heavy Plow
35:06 Imperial Age
33:00 Fletching
33:11 Padded Archer Armor
33:15 Scale Mail Armor
34:02 Caravan
34:07 Squires
34:39 Ballistics
36:47 Chemistry
35:10 Pikeman
35:22 Elite Fire Lancer
36:58 Fortified Wall
37:21 Heavy Rocket Cart
37:28 Heavy Scorpion
38:14 Capped Ram
39:14 Gambesons
41:07 Fortified Bastions
41:29 Halberdier
43:05 Thunderclap Bombs
43:16 Conscription
53:59 Guilds
57:04 Bodkin Arrow
57:25 Leather Archer Armor
ksffvbh
0:36 Loom
14:12 Feudal Age
15:00 Horse Collar
15:08 Double-Bit Axe
16:02 Wheelbarrow
16:20 Gold Mining
16:21 Stone Mining
26:18 Castle Age
24:36 Forging
24:31 Scale Barding Armor
28:35 Gold Shaft Mining
28:01 Heavy Plow
28:13 Bow Saw
28:22 Hand Cart
29:31 Caravan
33:30 Iron Casting
33:00 Scale Barding Armor
33:44 Steppe Husbandry
39:00 Imperial Age
37:02 Fletching
37:12 Padded Archer Armor
37:33 Chain Barding Armor
37:28 Town Watch
38:40 Ballistics
38:23 Bodkin Arrow
38:43 Leather Archer Armor
40:14 Crop Rotation
40:45 Two-Man Saw
40:49 Chemistry
39:12 Elite Steppe Lancer
40:02 Bloodlines
41:06 Conscription
40:10 Elite Kipchak
41:56 Blast Furnace
41:31 Plate Barding Armor
41:09 Town Patrol
50:46 Ring Archer Armor
felixx.fischer
0:31 Loom
12:29 Feudal Age
13:55 Wheelbarrow
13:03 Horse Collar
13:21 Double-Bit Axe
19:38 Fishing Lines
23:08 Castle Age
21:05 Stone Mining
22:37 Gold Mining
24:40 Hand Cart
24:40 Bow Saw
25:08 Gold Shaft Mining
24:26 Gillnets
26:31 Heavy Plow
26:28 Fletching
26:39 Padded Archer Armor
28:09 Murder Holes
32:14 Imperial Age
30:48 Ballistics
30:48 Bodkin Arrow
32:12 Fortified Wall
32:20 Leather Archer Armor
32:25 Caravan
34:01 Chemistry
33:10 Bracer
33:53 Conscription
34:13 Siege Engineers
34:39 Ring Archer Armor
35:34 Yeomen
35:36 Elite Longbowman
38:19 Masonry
38:21 Forging
38:17 Scale Barding Armor
39:15 Two-Man Saw
38:30 Town Watch
39:21 Warwolf
39:50 Husbandry
39:12 Cavalier
44:37 Architecture
44:45 Iron Casting
44:31 Chain Barding Armor
noob
1:19 Loom
13:47 Feudal Age
14:22 Horse Collar
14:31 Double-Bit Axe
22:56 Castle Age
22:46 Stone Mining
23:15 Fletching
23:30 Padded Archer Armor
24:09 Bow Saw
24:01 Heavy Plow
24:18 Gold Mining
29:15 Gold Shaft Mining
28:51 Scale Barding Armor
28:55 Husbandry
30:21 Town Watch
31:11 Wheelbarrow
33:29 Imperial Age
31:11 Bodkin Arrow
32:58 Bloodlines
32:17 Light Cavalry
34:28 Masonry
34:45 Chain Barding Armor
34:37 Forging
34:29 Elite Skirmisher
35:25 Town Patrol
37:04 Conscription
37:54 Leather Archer Armor
38:41 Iron Casting
38:41 Ballistics
38:07 Treadmill Crane
38:51 Hand Cart
39:10 Silk Armor
40:58 Blast Furnace
41:11 Ring Archer Armor
40:40 Fishing Lines
41:40 Plate Barding Armor
41:30 Block Printing
43:22 Chemistry
43:41 Crop Rotation
43:16 Bracer
43:47 Ring Archer Armor
43:17 Gillnets
44:22 Siege Engineers
44:31 Elite Keshik
45:59 Elite Steppe Lancer
46:09 Hussar
48:19 Squires
47:40 Pikeman
48:05 Arson
58:18 Halberdier
59:00 Scale Mail Armor
60:32 Timurid Siegecraft
60:56 Capped Ram
JustinZane
0:32 Loom
14:29 Feudal Age
15:46 Double-Bit Axe
22:43 Castle Age
21:05 Gold Mining
21:06 Stone Mining
21:04 Arson
23:13 Wheelbarrow
23:54 Husbandry
24:09 Bow Saw
30:56 Imperial Age
29:39 Scale Barding Armor
29:44 Forging
31:20 Caravan
31:54 Hand Cart
31:18 Cavalier
33:47 Fortified Wall
35:04 Town Watch
36:05 Paladin
38:11 Forging
38:21 Chain Barding Armor
40:19 Iron Casting
39:39 Capped Ram
41:20 Plate Barding Armor
42:22 Blast Furnace
46:46 Chemistry
54:22 Light Cavalry
55:20 Padded Archer Armor
55:58 Squires
Fatih
12:50 Feudal Age
14:34 Wheelbarrow
13:59 Double-Bit Axe
17:03 Castle Age
14:46 Horse Collar
18:04 Heavy Plow
21:30 Fervor
24:45 Gold Mining
24:45 Stone Mining
25:02 Fishing Lines
26:39 Gold Shaft Mining
25:56 Stone Mining
27:55 Bow Saw
28:20 Gillnets
28:59 Hand Cart
28:30 Loom
28:31 Town Watch
32:20 Imperial Age
30:24 Caravan
30:47 Forging
30:42 Scale Barding Armor
30:28 Fletching
30:39 Padded Archer Armor
31:02 Ballistics
30:54 Masonry
32:13 Nomads
32:24 Elite Mangudai
34:09 Chemistry
35:24 Iron Casting
35:09 Chain Barding Armor
34:45 Bodkin Arrow
35:06 Leather Archer Armor
35:15 Drill
35:16 Conscription
35:32 Hoardings
37:19 Blast Furnace
35:59 Onager
37:23 Siege Engineers
37:00 Heavy Scorpion
39:35 Bracer
40:35 Blast Furnace
39:55 Siege Onager
39:56 Capped Ram
41:36 Stone Shaft Mining
41:46 Husbandry
41:57 Bloodlines
42:55 Siege Ram
44:42 Heavy Camel Rider
52:22 Town Patrol
56:02 Elite Steppe Lancer
56:04 Light Cavalry
59:09 Hussar
Luffy (デイビッド)
1:05 Loom
14:19 Feudal Age
14:58 Double-Bit Axe
15:52 Wheelbarrow
25:45 Castle Age
24:14 Stone Mining
24:17 Gold Mining
25:38 Scale Mail Armor
25:49 Forging
25:41 Padded Archer Armor
26:54 Caravan
27:24 Hand Cart
27:50 Stone Shaft Mining
27:47 Bow Saw
27:41 Squires
28:19 Iron Casting
28:54 Fishing Lines
29:40 Chain Mail Armor
31:12 Pikeman
34:28 Anarchy
36:31 Leather Archer Armor
39:14 Imperial Age
40:29 Ring Archer Armor
41:00 Blast Furnace
39:51 Fletching
44:03 Halberdier
48:15 Two-Man Saw
48:18 Elite Huskarl
49:20 Conscription
Pappa Jake
0:28 Loom
11:39 Feudal Age
14:51 Horse Collar
15:30 Double-Bit Axe
21:25 Castle Age
19:34 Fletching
22:28 Caravan
23:20 Town Watch
23:43 Padded Archer Armor
24:16 Heavy Plow
28:04 Bow Saw
27:58 Gold Mining
27:59 Stone Mining
29:52 Squires
29:18 Pikeman
32:04 Crossbowman
36:21 Imperial Age
34:13 Elite Skirmisher
34:58 Town Patrol
35:06 Town Patrol
36:55 Wheelbarrow
36:37 Elite Longbowman
37:40 Conscription
37:00 Halberdier
40:07 Bodkin Arrow
40:31 Leather Archer Armor
40:17 Scale Mail Armor
40:29 Forging
41:24 Chemistry
40:46 Ballistics
40:44 Fortified Wall
41:26 Husbandry
40:48 Cavalier
40:55 Capped Ram
59:18 Gambesons
58:56 Man-at-Arms
59:55 Bracer
Connection lost

Rejoining the realm…

Still unreachable

The connection could not be restored.

Session expired

The server has moved on; the page needs a fresh start.